 Dungeon Crawl Stone Soup version 0.31-a0-810-ga77100ea1a (webtiles) character file.

Game seed: 2065454583729157493

0 thirtiethelement the Vexing (level 1, 0/13 HPs)
             Began as a Demonspawn Enchanter on Sept 21, 2023.
             Slain by a kobold
             ... wielding a +0 dagger
              (3 damage)
             ... on level 1 of the Dungeon.
             The game lasted 00:00:05 (33 turns).

thirtiethelement the Vexing (Demonspawn Enchanter)    Turns: 33, Time: 00:00:05

Health: 0/13       AC:  2    Str:  8    XL:     1   Next: 0%
Magic:  3/3        EV: 12    Int: 16    God:
Gold:   9          SH:  0    Dex: 13    Spells: 4/4 levels left

rFire   . . .        a - +1 dagger
rCold   . . .        (no shield)
rNeg    . . .        b - +0 robe
rPois   .            (no helmet)
rElec   .            (no cloak)
rCorr   .            (no gloves)
SInv    .            (no boots)
Will    .....        (no amulet)
Stlth   ++           (no ring)
HPRegen 0.22/turn    (no ring)
MPRegen 0.08/turn

%: no passive effects
@: no status effects
A: no striking features
a: no special abilities


You were on level 1 of the Dungeon.
You visited 1 branch of the dungeon, and saw 1 of its levels.

You collected 9 gold pieces.

Inventory:

Hand Weapons
 a - a +1 dagger (weapon)
Armour
 b - a +0 robe (worn)
Potions
 c - 2 potions of invisibility


   Skills:
 + Level 0.8 Short Blades
 + Level 1.7 Dodging
 + Level 2.6 Stealth
 + Level 2.0 Spellcasting
 + Level 3.0 Hexes


You had 4 spell levels left.
You didn't know any spells.
Your spell library contained the following spells:

 Spells                   Type           Power      Damage    Failure   Level
 Ensorcelled Hibernation  Hex/Ice        12%        N/A       17%         2
 Confusing Touch          Hex            11%        N/A       19%         3
 Tukima's Dance           Hex            11%        N/A       19%         3
 Dazzling Flash           Conj/Hex       12%        N/A       32%         3


Dungeon Overview and Level Annotations

Branches:
Dungeon (1/15)

Altars:


Message History

Welcome, thirtiethelement the Demonspawn Enchanter.
The splendid Orb of Zot lies far below, as if waiting for you to find it.
Press ? for a list of commands and other information.
Found a staircase leading out of the dungeon.
You open the door.
There is an open door here.
A kobold comes into view. It is wielding a +0 dagger.
You see here 9 gold pieces.
You now have 9 gold pieces.
The kobold shouts!
A rat comes into view.
You completely miss the kobold. You closely miss the kobold.
The kobold closely misses you.
You barely miss the kobold. The kobold barely misses you.
You hit the kobold but do no damage. The kobold barely misses you.
You closely miss the rat. The rat bites you but does no damage.
The kobold hits you with a +0 dagger.
You closely miss the rat. The rat closely misses you.
The kobold closely misses you.
You closely miss the rat. The rat barely misses you.
The kobold closely misses you.
You closely miss the rat. The rat bites you.
The kobold hits you with a +0 dagger.
You hit the rat but do no damage.
The rat twitches its whiskers.
The rat barely misses you. The kobold closely misses you.
You hit the rat.
The rat is severely wounded.
The kobold closely misses you. The rat barely misses you.
You closely miss the rat.
The rat is severely wounded.
The kobold hits you with a +0 dagger. The rat bites you.
* * * LOW HITPOINT WARNING * * *
You are too injured to fight recklessly!
You hit the rat.
You kill the rat!
The kobold hits you with a +0 dagger.
You die...

#...# #. ##...# ...
....# ###### #.# #...
...... #.# #..###.....
+.# #......... #.#
#.....#.####
#.#####.##+##...@K.....#
#..............###.....#
.##+##.#####..# ....#
#.#...#....# ...#
#.'.<.#..#.# ..#
#.#...#..#.# .#
#.#####.#####..# # #
#...............
################


You could see a kobold.

Vanquished Creatures
  A rat (D:1)
1 creature vanquished.

Notes
Turn   | Place    | Note
-------+----------+-------------------------------------------
     0 | D:1      | thirtiethelement the Demonspawn Enchanter began the quest
                  | for the Orb.
     0 | D:1      | Reached XP level 1. HP: 13/13 MP: 3/3
    33 | D:1      | Slain by a kobold

Illustrated notes

Levels and vault maps discovered:
D:1:      minmay_arrival_four_houses, layout_basic

Action                     || total
---------------------------++-------
  Melee: Dagger            ||    12
 Armour: Robe              ||     7
  Dodge: Dodged            ||    11

Table legend: (Time is in decaauts)
 A = Elapsed time spent in this place.
 B = Non-inter-level travel time spent in this place.
 C = Inter-level travel time spent in this place.
 D = Time resting spent in this place.
 E = Time spent auto-exploring this place.
 F = Levels seen in this place.
 G = Mean time per level.
                   A        B        C        D        E       F      G
               +--------+--------+--------+--------+--------+-----+--------+
         Total |     32 |     32 |      0 |      0 |     17 |   1 |   32.0 |
       Dungeon |     32 |     32 |      0 |      0 |     17 |   1 |   32.0 |
               +--------+--------+--------+--------+--------+-----+--------+

Top non-repeatable levels by time:
     D:1: 32 daAuts
